 Dungeon Crawl Stone Soup version 0.21-a0-401-g0b6bec4 (webtiles) character file.

4601 Kavrick the Cleaver (level 10, -3/79 HPs)
             Began as a Demonspawn Fighter on Oct 21, 2017.
             Was a Follower of Makhleb.
             Splashed by Maurice's acid (14 damage)
             ... on level 8 of the Dungeon.
             The game lasted 00:17:12 (8820 turns).

Kavrick the Cleaver (Demonspawn Fighter)            Turns: 8820, Time: 00:17:13

Health: -3/79      AC: 10    Str: 19    XL:     10   Next: 19%
Magic:  13/13      EV:  6    Int: 10    God:    Makhleb [*.....]
Gold:   329        SH: 17    Dex: 18    Spells: 9/9 levels left

rFire    . . .     SeeInvis .   u - +3 hand axe (chop)
rCold    . . .     Gourm    .   c - +0 shield
rNeg     + . .     Faith    .   l - +0 chain mail
rPois    +         Spirit   .   x - +1 helmet
rElec    .         Reflect  .   i - +0 cloak
rCorr    .         Harm     .   (gloves unavailable)
MR       .....                  (no boots)
Stlth    ..........             (no amulet)
HPRegen  0.23/turn              j - ring of poison resistance
MPRegen  0.13/turn              p - +5 ring of dexterity

@: corroded
A: claws 3, large bone plates 2, demonic guardian 1, negative energy resistance
1, rot immunity
a: Renounce Religion


You were on level 8 of the Dungeon.
You worshipped Makhleb.
Makhleb was aware of your devotion.
You were not hungry.

You visited 1 branch of the dungeon, and saw 8 of its levels.

You collected 329 gold pieces.

Inventory:

Hand Weapons
 a - a +0 war axe
 u - a +3 hand axe of chopping (weapon)
Armour
 c - a +0 shield (worn)
 i - a +0 cloak (worn)
 l - a +0 chain mail (worn)
 x - a +1 helmet (worn)
Jewellery
 j - a ring of poison resistance (left claw)
 p - a +5 ring of dexterity (right claw)
 q - an uncursed ring of protection from cold
 z - an uncursed ring of wizardry
 A - an uncursed ring of protection from magic {unknown}
 B - an uncursed ring of magical power
 J - the ring of Potsot {MR+ SInv, unknown}
   (You took it off an orc on level 6 of the Dungeon)

   [ring of protection from magic]

   It affects your resistance to hostile enchantments.
   It lets you see invisible.
 O - an uncursed ring of protection from cold
Wands
 r - a wand of flame (34/48)
 v - a wand of iceblast (8/15)
 y - a wand of iceblast (5/15)
Scrolls
 b - a scroll of magic mapping
 h - a scroll of teleportation
 m - a scroll of blinking
 n - a scroll of random uselessness
 o - 3 scrolls of recharging
 s - a scroll of remove curse
 H - 3 scrolls of identify
 N - a scroll of silence {unknown}
Potions
 d - 2 potions of might
 e - a potion of haste
 k - 3 potions of heal wounds
 t - 2 potions of berserk rage
 w - 2 potions of degeneration {unknown}
 C - 2 potions of mutation {unknown}
 D - 2 potions of agility {unknown}
 E - 2 potions of curing {unknown}
 F - a potion of invisibility {unknown}
 I - a potion of lignification {unknown}
 K - a potion of ambrosia {unknown}
Books
 M - a book of Cantrips

   Spells                             Type                      Level
   a - Confusing Touch                Hexes                        1
   b - Animate Skeleton               Necromancy                   1
   c - Summon Small Mammal            Summoning                    1
   d - Apportation                    Translocation                1
Comestibles
 f - 11 bread rations
 g - 3 meat rations
 G - 2 royal jellies
 L - a fruit
 P - 3 chunks of flesh


   Skills:
 + Level 7.3 Fighting
 * Level 8.2 Axes
 + Level 6.7 Armour
 + Level 6.6 Shields
 + Level 4.9 Invocations


You had 9 spell levels left.
You didn't know any spells.

Dungeon Overview and Level Annotations

Branches:
Dungeon (8/15)             Temple (0/1) D:7
   Lair: D:8-11

Altars:
Gozag
Kikubaaqudgha
Makhleb
Nemelex Xobeh
Uskayaw
Wu Jian

Annotations:
D:6 Blork the orc
D:8 Maurice


Innate Abilities, Weirdness & Mutations

You have claws for hands.
You are mostly covered in large bone plates. (SH +6)
A weak demonic guardian rushes to your aid.
You resist negative energy. (rN+)
You are immune to rotting.


Message History

Maurice hits you with a dagger.
Maurice steals your 2 scrolls of blinking!
You barely miss Maurice.
Maurice is lightly wounded.
Maurice casts a spell.
Maurice puts on a burst of speed!
You hit Maurice but do no damage.
Maurice is lightly wounded.
You block Maurice's attack.
You miss Maurice.
Maurice is lightly wounded.
Maurice zaps a wand.
The bolt of acid hits you!
You are splashed with acid!
The acid burns!
* * * LOW HITPOINT WARNING * * *
You closely miss Maurice.
Maurice is lightly wounded.
Maurice zaps a wand.
The bolt of acid hits you!
* * * LOW HITPOINT WARNING * * *
You are splashed with acid!
The acid burns!
You die...

########
########...>..######
#.5@..#.......#.....
#.##@##.......'.....
#.<...........#.....
#..####.......######
#..# #.......# #..#
#.......# #
###..####.......# .
#..........###### .
#.########.# .


You could see Maurice and a friendly iron imp.

Vanquished Creatures
  Grinder (D:6)
  Sigmund (D:5)
  A spriggan (D:7)
  Eustachio (D:5)
  Menkaure (D:7)
  Edmund (D:5)
  Duvessa (D:5)
  3 slaves (D:7)
  3 sky beasts
  2 orc warriors (D:6)
  A centaur (D:7)
  2 phantoms (D:6)
  3 ogres
  5 bullfrogs
  A gnoll sergeant (D:6)
  Dowan (D:5)
  3 wights (D:6)
  4 crimson imps
  A bullfrog zombie (D:5)
  A centaur zombie (D:7)
  A quasit (D:6)
  Crazy Yiuf (D:2)
  2 bullfrog skeletons
  7 orc priests
  2 centaur skeletons
  3 hounds (D:4)
  7 orc wizards
  2 iron imps (D:5)
  Terence (D:3)
  3 iguanas
  Natasha (thrice) (D:4)
  4 worker ants
  Robin (D:3)
  A worker ant zombie (D:7)
  8 gnolls
  7 adders
  A shadow imp (D:7)
  3 worms
  3 dart slugs
  6 leopard geckos
  29 orcs
  A ball python (D:5)
  4 giant cockroaches
  20 goblins
  6 hobgoblins
  7 jackals
  8 kobolds
  A quokka (D:8)
  5 bats
  5 frilled lizards
  A leopard gecko skeleton (D:4)
  A quokka zombie (D:6)
  6 rats
197 creatures vanquished.

Vanquished Creatures (collateral kills)
  Pikel (D:7)
  An ice beast (D:4)
  An orc warrior (D:7)
  2 centaurs
  A howler monkey (D:4)
  An orc wizard (D:7)
  An iron imp (D:5)
8 creatures vanquished.

Grand Total: 205 creatures vanquished

Notes
Turn   | Place    | Note
-------+----------+-------------------------------------------
     0 | D:1      | Kavrick the Demonspawn Fighter began the quest for the Orb.
     0 | D:1      | Reached XP level 1. HP: 18/18 MP: 1/1
   229 | D:1      | Reached skill level 2 in Axes
   229 | D:1      | Gained mutation: You have sharp fingernails. [demonic ancestry]
   229 | D:1      | Reached XP level 2. HP: 24/24 MP: 2/2
   924 | D:2      | Found a faded altar of an unknown god.
   950 | D:2      | Reached XP level 3. HP: 19/29 MP: 3/3
  1183 | D:2      | Found a runed door.
  1642 | D:2      | Gained mutation: You have very sharp fingernails. [demonic ancestry]
  1642 | D:2      | Reached XP level 4. HP: 35/35 MP: 4/4
  1881 | D:2      | Noticed Crazy Yiuf
  1891 | D:2      | Killed Crazy Yiuf
  2170 | D:3      | Noticed Terence
  2188 | D:3      | Killed Terence
  2648 | D:3      | Gained mutation: You have claws for hands. [demonic ancestry]
  2648 | D:3      | Reached XP level 5. HP: 42/42 MP: 5/5
  2963 | D:3      | Found a sparkling altar of Nemelex Xobeh.
  2964 | D:3      | Noticed Robin
  2981 | D:3      | Reached skill level 3 in Axes
  2990 | D:3      | Killed Robin
  3674 | D:4      | Gained mutation: You are partially covered in large bone plates. (SH +4) [demonic ancestry]
  3674 | D:4      | Reached XP level 6. HP: 37/48 MP: 6/6
  4173 | D:4      | Noticed Natasha
  4179 | D:4      | Killed Natasha
  4249 | D:4      | Noticed Natasha
  4253 | D:4      | Killed Natasha
  4277 | D:4      | Reached skill level 4 in Axes
  4277 | D:4      | Gained mutation: A weak demonic guardian rushes to your aid. [demonic ancestry]
  4277 | D:4      | Reached XP level 7. HP: 45/55 MP: 7/7
  4637 | D:4      | Noticed Natasha
  4650 | D:4      | Killed Natasha
  4666 | D:4      | Reached skill level 5 in Fighting
  4752 | D:5      | Entered Level 5 of the Dungeon
  4833 | D:5      | Noticed Eustachio
  4887 | D:5      | Killed Eustachio
  4921 | D:5      | Noticed Duvessa
  4921 | D:5      | Noticed Dowan
  4933 | D:5      | Killed Duvessa
  4933 | D:5      | Reached skill level 5 in Axes
  4941 | D:5      | Killed Dowan
  4941 | D:5      | Gained mutation: You are mostly covered in large bone plates. (SH +6) [demonic ancestry]
  4941 | D:5      | Reached XP level 8. HP: 48/62 MP: 8/8
  5059 | D:5      | Noticed Edmund
  5070 | D:5      | Killed Edmund
  5070 | D:5      | Reached skill level 5 in Armour
  5070 | D:5      | Reached skill level 5 in Shields
  5393 | D:5      | Reached skill level 6 in Axes
  5400 | D:5      | Noticed Sigmund
  5411 | D:5      | Killed Sigmund
  5461 | D:5      | Found a burning altar of Makhleb.
  5489 | D:5      | Became a worshipper of Makhleb the Destroyer
  5724 | D:6      | Reached skill level 1 in Invocations
  5724 | D:6      | Gained mutation: You are immune to rotting. [demonic ancestry]
  5724 | D:6      | Reached XP level 9. HP: 29/69 MP: 9/9
  5949 | D:6      | Noticed Grinder
  5950 | D:6      | Paralysed by Grinder for 6 turns
  5957 | D:6      | Paralysed by Grinder for 4 turns
  5971 | D:6      | Killed Grinder
  6027 | D:6      | Found an ornate altar of the Wu Jian Council.
  6029 | D:6      | Found an ancient bone altar of Kikubaaqudgha.
  6409 | D:6      | Got a faintly glowing iron ring
  6521 | D:6      | Reached * piety under Makhleb
  6719 | D:6      | Reached skill level 7 in Axes
  6725 | D:6      | Found an opulent altar of Gozag.
  6878 | D:6      | Found a hide-covered altar of Uskayaw.
  7195 | D:6      | Noticed Blork the orc
  7400 | D:7      | Found a staircase to the Ecumenical Temple.
  7677 | D:7      | Noticed Menkaure
  7685 | D:7      | Killed Menkaure
  8354 | D:7      | Reached skill level 8 in Axes
  8354 | D:7      | Gained mutation: You resist negative energy. (rN+) [demonic ancestry]
  8354 | D:7      | Reached XP level 10. HP: 79/79 MP: 13/13
  8516 | D:8      | Noticed Pikel
  8638 | D:7      | Killed Pikel
  8762 | D:8      | Noticed Maurice
  8820 | D:8      | Splashed by Maurice's acid

Vault maps used:
D:1:      evilmike_arrival_home_sweet_home
D:2:      chequers_ecumenical_altar_simple, uniq_crazy_yiuf_cottage
D:3:      overflow_temple_1_default, first_bread, solitary_fountain, uniq_robin,
          uniq_terence
D:4:      minmay_surrounded, uniq_natasha
D:5:      demons_altar, uniq_duvessa, uniq_eustachio, uniq_edmund, uniq_sigmund
D:6:      old_standard_altar, tgw_sif,
          nicolae_gozag_cash_rules_everything_around_me,
          chequers_temple_overflow_statue_of_worship, nicolae_benzene_ring,
          uniq_grinder
D:7:      temple_statues, the_bakery, uniq_menkaure
D:8:      nicolae_qazlal_general_emergency, uniq_pikel, uniq_maurice,
          uniq_psyche

Skill      XL: |  1  2  3  4  5  6  7  8  9 |
---------------+----------------------------+-----
Axes           | 2 3 4 5 6 8 |  8.2
Armour         | 3 4 5 6 |  6.7
Shields        | 3 4 5 6 |  6.6
Fighting       | 4 5 6 7 |  7.3
Invocations    | 1 4 |  4.9

Action                   |  1- 3 |  4- 6 |  7- 9 | 10-12 || total
-------------------------+-------+-------+-------+-------++-------
Melee: War axe           |   107 |    35 |       |       ||   142
       Hand axe          |       |   148 |   479 |    60 ||   687
  Use: Scroll            |       |       |    10 |       ||    10
 Stab: Distracted        |       |     1 |     3 |       ||     4
  Eat: Chunk             |     2 |     9 |     9 |     2 ||    22
       Bread ration      |       |       |     1 |       ||     1
Armor: Scale mail        |    13 |       |       |       ||    13
       Chain mail        |    49 |    73 |   201 |    25 ||   348
Dodge: Dodged            |    21 |    33 |    67 |     6 ||   127
Block: Shield            |    51 |    95 |   364 |    42 ||   552

Table legend:
 A = Spawn XP
 B = Non-spawn XP
 C = Spawn XP percentage of total XP
 D = Spawn monster count
 E = Non-spawn monster count
 F = Spawn count percentage of total count
 G = Total turns spent on level
                    A         B        C        D         E        F      G
               +---------+---------+-------+---------+---------+-------+---------
         Total |       0 |    6573 |   0.0 |       0 |     202 |   0.0 |  8820
               +---------+---------+-------+---------+---------+-------+---------
           D:1 |       0 |      29 |   0.0 |       0 |      15 |   0.0 |   872
           D:2 |       0 |     115 |   0.0 |       0 |      22 |   0.0 |  1241
           D:3 |       0 |     118 |   0.0 |       0 |      28 |   0.0 |  1290
           D:4 |       0 |     782 |   0.0 |       0 |      28 |   0.0 |  1385
           D:5 |       0 |    1488 |   0.0 |       0 |      33 |   0.0 |  1336
           D:6 |       0 |    1751 |   0.0 |       0 |      45 |   0.0 |  1208
           D:7 |       0 |    1970 |   0.0 |       0 |      25 |   0.0 |  1312
           D:8 |       0 |     320 |   0.0 |       0 |       6 |   0.0 |   176
               +---------+---------+-------+---------+---------+-------+---------
